AoeStats
← OnagerParty

Arena

509866982Analyzed
1v1 RM · 5d ago on Sep 28, 2026· 37m 21s· 2 players
Game mode
Random Map
Map size
Tiny (2 player)
Population
200
Speed
Normal
Resources
Standard
Victory
Conquest
Starting age
Dark Age
Ending age
Imperial Age
RankedLock teamsTeams togetherTeam positionsShared explorationLock speedFull tech treeHidden civsTurbo modeCheats
Victory
Defeat
🇪🇸 Franks · Spain
663
+15
🇫🇷 Turks · France
649
-15
Sorcor
11:58 Feudal Age
16:05 Castle Age
14:34 Double-Bit Axe
15:53 Gold Mining
22:00 Imperial Age
21:57 Padded Archer Armor
35:05 Wheelbarrow
OnagerParty
7:08 Loom
10:39 Feudal Age
12:04 Double-Bit Axe
14:49 Castle Age
16:20 Bow Saw
21:31 Wheelbarrow
21:22 Gold Mining
23:03 Town Watch
23:38 Scale Mail Armor
23:46 Scale Barding Armor
23:52 Forging
24:14 Husbandry
29:23 Hand Cart
29:49 Stone Mining
31:02 Gold Shaft Mining
33:56 Imperial Age
35:11 Iron Casting
34:45 Fletching
35:23 Chain Barding Armor
34:24 Cavalier
34:29 Capped Ram
35:30 Town Patrol
36:21 Conscription
36:02 Chivalry
37:12 Blast Furnace
36:40 Paladin
Connection lost

Rejoining the realm…

Still unreachable

The connection could not be restored.

Session expired

The server has moved on; the page needs a fresh start.